 Dungeon Crawl Stone Soup version 0.27.0-1-g7a089689b8 (webtiles) character file.

Game seed: 10030009109408696989

4920 mandarbmax the Fighter (level 10, 0/113 HPs)
             Began as an Ogre Transmuter on Aug 2, 2021.
             Was an Initiate of Gozag.
             Slain by a seven-headed hydra (16 damage)
             ... on level 8 of the Dungeon.
             The game lasted 00:17:38 (9436 turns).

mandarbmax the Fighter (Ogre Transmuter)            Turns: 9436, Time: 00:17:40

Health: 0/113      AC:  4    Str: 16    XL:     10   Next: 51%
Magic:  13/13      EV: 10    Int: 20    God:    Gozag
Gold:   641        SH:  0    Dex:  9    Spells: 7/13 levels left

rFire    . . .     SeeInvis .     - Unarmed
rCold    . . .     Faith    .   (no shield)
rNeg     . . .     Spirit   .   a - +0 robe
rPois    .         Reflect  .   e - +0 hat {Int+3}
rElec    .         Harm     .   b - +0 cloak
rCorr    .         Rampage  .   (gloves unavailable)
Will     +....                  (boots unavailable)
Stlth    +.........             k - amulet of regeneration
HPRegen  1.28/turn              (no ring)
MPRegen  0.13/turn              (no ring)

@: no status effects
A: large, unfitting armour, tough skin 1
a: Renounce Religion, Potion Petition, Call Merchant, Bribe Branch


You were on level 8 of the Dungeon.
You worshipped Gozag.
Gozag was pleased with you.
You visited 1 branch of the dungeon, and saw 8 of its levels.

You collected 1107 gold pieces.
You spent 448 gold pieces at shops.
You paid 18 gold pieces to Gozag.

Inventory:

Missiles
 f - 25 poisoned darts (quivered)
 j - a throwing net
 o - 7 boomerangs
 q - 5 large rocks
Armour
 a - a +0 robe (worn)
 b - a +0 cloak (worn)
 e - a +0 hat of intelligence (worn)
Jewellery
 k - an amulet of regeneration (around neck)
Wands
 p - a wand of iceblast (28)
 s - a wand of polymorph (16)
 u - a wand of flame (15)
Scrolls
 g - a scroll of teleportation
 i - 2 scrolls of amnesia {unknown}
 l - a scroll of identify
 w - a scroll of blinking
 x - a scroll of enchant armour
Potions
 c - 2 potions of heal wounds
 d - a potion of curing
 h - 4 potions of mutation
 m - a potion of might {unknown}
 n - 3 potions of magic
 r - 2 potions of flight {unknown}
 t - 2 potions of brilliance {unknown}
 v - a potion of cancellation {unknown}


   Skills:
 + Level 11.1 Fighting
 + Level 3.8 Dodging
 + Level 5.3 Unarmed Combat
 - Level 2.4 Spellcasting
 - Level 10.1 Transmutations


You had 7 spell levels left.
You knew the following spells:

 Your Spells              Type           Power      Damage    Failure   Level
a - Beastly Appendage     Tmut           84%        N/A       1%          1
b - Wereblood             Tmut           42%        N/A       1%          2
c - Spider Form           Tmut/Pois      11%        N/A       5%          3

Your spell library contained the following spells:

 Spells                   Type           Power      Damage    Failure   Level
 Ice Form                 Ice/Tmut       22%        N/A       19%         4
 Dazzling Flash           Conj/Hex       4%         N/A       41%         3
 Airstrike                Air            1%         N/A       83%         4
 Animate Dead             Necr           1%         N/A       83%         4
 Iskenderun's Mystic Bla  Conj/Tloc      2%         2d3       83%         4
 Summon Lightning Spire   Summ/Air       2%         N/A       83%         4
 Borgnjor's Vile Clutch   Necr/Erth      1%         N/A       99%         5
 Lightning Bolt           Conj/Air       1%         1d12      99%         5
 Death Channel            Necr           1%         N/A       100%        6
 Starburst                Conj/Fire      1%         8x6d3     100%        6


Dungeon Overview and Level Annotations

Branches:
Dungeon (8/15)             Temple (0/1) D:4
   Lair: D:8-11

Altars:
Dithmenos
Elyvilon
Gozag
Uskayaw

Shops:
D:3 [   D:5 [[![


Innate Abilities, Weirdness & Mutations

You are too large for most types of armour.
You have tough skin. (AC +1)


Message History

The seven-headed hydra is no longer distracted by gold.
The seven-headed hydra roars!
Aiming: Throw Flame
Press: ? - help, Shift-Dir - straight line, f/p - seven-headed hydra
Aim: a seven-headed hydra (moderately wounded, 89% to hit)
The puff of flame hits the seven-headed hydra.
The seven-headed hydra is moderately wounded.
Aiming: Throw Flame
Press: ? - help, Shift-Dir - straight line, f/p - seven-headed hydra
Aim: a seven-headed hydra (moderately wounded, 89% to hit)
The puff of flame misses the seven-headed hydra.
You hit the seven-headed hydra.
The seven-headed hydra is heavily wounded.
The seven-headed hydra bites you. x2; The seven-headed hydra bites you!
The seven-headed hydra bites you.
The seven-headed hydra barely misses you.
The seven-headed hydra completely misses you.
The seven-headed hydra misses you.
You hit the seven-headed hydra.
The seven-headed hydra is heavily wounded.
Your transformation is almost over.
The seven-headed hydra misses you. The seven-headed hydra bites you! x2
The seven-headed hydra misses you. The seven-headed hydra bites you!
The seven-headed hydra completely misses you.
The seven-headed hydra bites you!
Your transformation has ended.
Your +0 cloak unmelds from your body.
Your +0 hat of intelligence unmelds from your body.
Your +0 robe unmelds from your body.
You feel clever.
Things that are here:
a +2 mace; a +0 robe The seven-headed hydra bites you.
The seven-headed hydra bites you! x2
The seven-headed hydra bites you. x2
* * * LOW HITPOINT WARNING * * *
The seven-headed hydra bites you!
* * * LOW HITPOINT WARNING * * *
The seven-headed hydra bites you!
You die...
Your body crumbles into a pile of gold.

#### ...# #..# ##.# .... ##.#
##..######## ##.##
#...##.....#
#...#########.#.##.###.#
................##.# #.#
#...#########...##.###.######
##.## #...@D............ ##.#
#......######.###.
[..##########.###### #
...)..........#
...############ ####


You could see a seven-headed hydra.

Vanquished Creatures
  A two-headed ogre (D:7)
  Joseph (D:8)
  A troll (D:7)
  Grinder (D:4)
  Prince Ribbit (D:8)
  Sigmund (D:4)
  A wyvern (D:8)
  A steam dragon (D:7)
  Menkaure (D:4)
  A water moccasin (D:6)
  2 ice beasts (D:7)
  An orc warrior (D:3)
  2 black bears (D:6)
  A sky beast (D:7)
  2 ogres
  2 centaurs
  5 bullfrogs
  4 scorpions
  A wyvern skeleton (D:7)
  4 killer bees (D:8)
  2 howler monkeys (D:8)
  3 wights (D:8)
  A bullfrog zombie (D:7)
  5 hounds
  An orc priest (D:5)
  4 jellies
  2 gnoll shamans
  3 bullfrog skeletons
  A centaur skeleton (D:5)
  Jessica (D:2)
  Terence (D:2)
  An iguana (D:6)
  4 orc wizards
  A hound skeleton (D:5)
  A howler monkey zombie (D:7)
  5 gnolls (D:8)
  9 adders
  2 white imps (D:6)
  An ufetubus (D:4)
  2 dart slugs (D:1)
  11 orcs
  13 ball pythons
  10 endoplasms
  2 giant cockroaches
  6 goblins
  3 hobgoblins
  2 jackals (D:5)
  4 kobolds
  2 quokkas (D:2)
  5 bats
  3 frilled lizards
  7 rats
152 creatures vanquished.

Vanquished Creatures (others)
  A plant (D:2)
1 creature vanquished.

Grand Total: 153 creatures vanquished

Notes
Turn   | Place    | Note
-------+----------+-------------------------------------------
     0 | D:1      | mandarbmax the Ogre Transmuter began the quest for the Orb.
     0 | D:1      | Reached XP level 1. HP: 19/19 MP: 3/3
   383 | D:1      | Reached XP level 2. HP: 27/27 MP: 3/5
   456 | D:1      | Learned a level 2 spell: Wereblood
   980 | D:1      | Reached XP level 3. HP: 32/33 MP: 2/6
  1136 | D:2      | Noticed Jessica
  1158 | D:2      | Killed Jessica
  1159 | D:2      | Reached skill level 2 in Fighting
  1159 | D:2      | Reached XP level 4. HP: 27/42 MP: 3/7
  1168 | D:2      | Learned a level 3 spell: Spider Form
  1927 | D:2      | Noticed Terence
  1950 | D:2      | Killed Terence
  1951 | D:2      | Reached XP level 5. HP: 50/50 MP: 4/8
  2564 | D:2      | Reached skill level 3 in Fighting
  2925 | D:3      | Found a faded altar of an unknown god.
  2943 | D:3      | Found Kevennargh's Antique Armour Boutique.
  3088 | D:3      | Found an opulent altar of Gozag.
  3126 | D:3      | Became a worshipper of Gozag Ym Sagoz the Greedy
  3345 | D:3      | Reached XP level 6. HP: 55/61 MP: 2/9
  3741 | D:4      | Noticed an orc warrior
  4050 | D:3      | Killed an orc warrior
  4051 | D:3      | Reached skill level 4 in Fighting
  4455 | D:4      | Found a hide-covered altar of Uskayaw.
  4512 | D:4      | Noticed Grinder
  4528 | D:4      | Paralysed by Grinder for 6 turns
  4539 | D:4      | Killed Grinder
  4540 | D:4      | Reached skill level 5 in Fighting
  4540 | D:4      | Reached skill level 5 in Transmutations
  4540 | D:4      | Reached XP level 7. HP: 29/72 MP: 2/10
  4800 | D:4      | Found a staircase to the Ecumenical Temple.
  4812 | D:4      | Noticed Sigmund
  4841 | D:4      | Killed Sigmund
  4858 | D:4      | Reached skill level 6 in Fighting
  5048 | D:4      | Reached XP level 8. HP: 76/83 MP: 7/11
  5140 | D:4      | Noticed Menkaure
  5147 | D:4      | Killed Menkaure
  5530 | D:5      | Entered Level 5 of the Dungeon
  5859 | D:5      | Found a white marble altar of Elyvilon.
  5864 | D:5      | Found Luukiul's Armour Shop.
  5897 | D:5      | Bought a +0 hat of intelligence for 154 gold pieces
  6065 | D:5      | Reached skill level 7 in Fighting
  6130 | D:5      | Found Gudanec's Distillery.
  6139 | D:5      | Bought a potion of mutation for 112 gold pieces
  6139 | D:5      | Bought a potion of lignification for 42 gold pieces
  6187 | D:5      | Found Koalec's Armour Shop.
  6417 | D:5      | Found Diss's Antique Armour Shoppe.
  6907 | D:5      | Bought a potion of haste for 140 gold pieces
  7338 | D:6      | Reached skill level 8 in Fighting
  7338 | D:6      | Reached XP level 9. HP: 73/96 MP: 9/12
  7670 | D:6      | Found a shadowy altar of Dithmenos.
  8298 | D:7      | Noticed a two-headed ogre
  8321 | D:7      | Killed a two-headed ogre
  8322 | D:7      | Reached skill level 9 in Fighting
  8369 | D:7      | Noticed a troll
  8378 | D:7      | Killed a troll
  8379 | D:7      | Reached skill level 10 in Fighting
  8379 | D:7      | Reached skill level 10 in Transmutations
  8379 | D:7      | Reached XP level 10. HP: 64/110 MP: 5/13
  9091 | D:8      | Noticed Prince Ribbit
  9116 | D:8      | Killed Prince Ribbit
  9169 | D:8      | Noticed Joseph
  9181 | D:8      | Killed Joseph
  9182 | D:8      | Reached skill level 5 in Unarmed Combat
  9310 | D:8      | Reached skill level 11 in Fighting
  9410 | D:8      | Noticed a seven-headed hydra
  9436 | D:8      | Slain by a seven-headed hydra

Illustrated notes

Levels and vault maps discovered:
D:1:      onia_arrival_mini_maze_b, layout_rooms, nrook_mini_vaults
D:2:      layout_basic, minmay_shallow_snake_nest, uniq_jessica, uniq_terence
D:3:      layout_rooms, mainiacjoe_overflow_catwalk, serial_shops,
          nicolae_shop_waterfront, dreamdust_ecumenical_altar_grove
D:4:      layout_rooms, nicolae_uskayaw_suspiria, minmay_temple_entry_hall,
          uniq_grinder, uniq_sigmund, uniq_menkaure
D:5:      layout_loops_cross, mainiacjoe_overflow_alcove_1, serial_shops, shop,
          nicolae_shop_competitors_out_of_business, shop, shop,
          bh_walls_and_bars
D:6:      layout_basic, nicolae_dithmenos_the_darkroom
D:7:      layout_loops_ring, minmay_fractal_squares_diagonal_5
D:8:      layout_loops_ring, lair_entry_dummy, grunt_decor_fettered,
          minmay_misc_feat_room, uniq_prince_ribbit1, uniq_gastronok,
          uniq_joseph

Skill      XL: |  1  2  3  4  5  6  7  8  9 10 |
---------------+-------------------------------+-----
Dodging        | 2 3 |  3.8
Unarmed Combat | 3 4 5 |  5.3
Fighting       | 2 3 5 6 8 10 11 | 11.1
Transmutations | 2 3 5 6 8 10 | 10.1
Spellcasting   | |  2.4

Action                   |  1- 3 |  4- 6 |  7- 9 | 10-12 || total
-------------------------+-------+-------+-------+-------++-------
Melee: Unarmed           |    80 |   127 |   200 |   119 ||   526
       Kick              |    17 |     1 |       |       ||    18
       Headbutt          |     7 |     1 |       |       ||     8
       Punch             |     1 |     1 |       |     1 ||     3
Throw: Dart              |     6 |     7 |       |       ||    13
 Cast: Beastly Appendage |    22 |     3 |       |       ||    25
       Wereblood         |     5 |     5 |     9 |     3 ||    22
       Spider Form       |       |    28 |    33 |    12 ||    73
Evoke: Wand              |       |       |       |     7 ||     7
  Use: Scroll            |       |     4 |     5 |     2 ||    11
       Potion            |       |     2 |     2 |     1 ||     5
Armor: Robe              |    27 |     4 |       |       ||    31
       Skin              |       |     9 |    15 |    19 ||    43
Dodge: Dodged            |    33 |    92 |   166 |    89 ||   380
